 Dungeon Crawl Stone Soup version 0.24.1-14-gf8d2b509d9 (webtiles) character file.

Game seed: 3682425096615237440, levelgen mode: deterministic

26949 tkbsonic5 the Jinx (level 13, -41/51 HPs)
             Began as a Felid Venom Mage on May 26, 2023.
             Was the Champion of Ashenzari.
             Killed from afar by Jorgrun (46 damage)
             ... with a blast of rock fragments
             ... on level 2 of the Orcish Mines on Aug 26, 2023.
             The game lasted 04:54:27 (48420 turns).

tkbsonic5 the Jinx (Felid Venom Mage)              Turns: 48420, Time: 04:54:28

Health: -41/51     AC:  3    Str:  4    XL:     13   Next: 1%
Magic:  5/35       EV: 23    Int: 27    God:    Ashenzari [******]
Gold:   1220       SH:  5    Dex: 16    Spells: 1/28 levels left
                                        Lives:  0   Deaths: 2

rFire    . . .     SeeInvis +   (weapon unavailable)
rCold    + . .     Gourm    .   (shield unavailable)
rNeg     . . .     Faith    .   (armour unavailable)
rPois    .         Spirit   .   (helmet unavailable)
rElec    .         Reflect  +   (cloak unavailable)
rCorr    .         Harm     .   (gloves unavailable)
MR       +....     Clarity  +   (boots unavailable)
Stlth    +++.......             D - +5 amulet of reflection (curse) {LucaCraft Necklace}
HPRegen  0.17/turn              z - ring of magical power (curse) {Toxic Algae Bloom}
MPRegen  0.24/turn              c - ring of wizardry (curse) {"Who Goes There?"}

@: brilliant, about to teleport, very slightly contaminated, hasted, very quick
A: very small, no armour, no weapons or thrown items, stealth, claws 1, fangs 3,
see invisible, carnivore, speed 1, shaggy fur 3, slow metabolism 1, sharp paws
a: Curse Item, Scrying, Transfer Knowledge, Renounce Religion


You were on level 2 of the Orcish Mines.
You worshipped Ashenzari.
Ashenzari was exalted by your worship.
You were not hungry.

You visited 3 branches of the dungeon, and saw 22 of its levels.

You collected 2020 gold pieces.
You spent 800 gold pieces at shops.

Inventory:

Missiles
 e - 493 stones
Jewellery
 a - an uncursed ring of protection from cold {Fennar Was Delicious}
 c - a cursed ring of wizardry (right paw) {"Who Goes There?"}
 n - an uncursed amulet of the gourmand
 u - an uncursed ring of ice
 z - a cursed ring of magical power (left paw) {Toxic Algae Bloom}
 A - an uncursed ring of wizardry {fly as a pelican}
 D - a cursed +5 amulet of reflection (around neck) {LucaCraft Necklace}
Wands
 f - a wand of iceblast (2)
 h - a wand of flame (18) {fucking annoying}
 v - a wand of digging (4)
Scrolls
 d - 3 scrolls of teleportation
 k - 5 scrolls of identify
 q - a scroll of blinking
 r - 2 scrolls of magic mapping
 y - 3 scrolls of remove curse
Potions
 g - a potion of haste
 i - 5 potions of flight
 j - a potion of berserk rage
 l - a potion of brilliance
 s - a potion of might
 t - 2 potions of lignification
 w - 2 potions of curing
Comestibles
 m - 8 rations


   Skills:
 - Level 3.2 Fighting
 - Level 7.2 Dodging
 - Level 4.9 Stealth
 - Level 0.4 Unarmed Combat
 * Level 8.0 Spellcasting
 * Level 9.8(14.1) Conjurations
 * Level 14.0(18.1) Hexes
 - Level 2.7(6.4) Summonings
 * Level 7.0(11.5) Necromancy
 * Level 5.4(9.9) Transmutations
 * Level 5.9(10.4) Ice Magic
 * Level 7.1(11.6) Air Magic
 * Level 9.1(13.5) Earth Magic
 + Level 9.5(13.8) Poison Magic
 - Level 5.1(9.5) Evocations


You had one spell level left.
You knew the following spells:

 Your Spells              Type           Power        Failure   Level  Hunger
a - Sting                 Conj/Pois      ####         0%          1    None
b - Poisonous Vapours     Pois/Air       ######       1%          2    None
c - Mephitic Cloud        Conj/Pois/Air  #######.     1%          3    None
d - Metabolic Englaciati  Hex/Ice        #######...   1%          5    ####...
e - Confuse               Hex            #######.     0%          3    None
f - Sandblast             Erth           ######       0%          1    None
g - Stone Arrow           Conj/Erth      ######       1%          3    None
h - Borgnjor's Vile Clut  Necr/Erth      #######...   1%          5    ####...
i - Passwall              Tmut/Erth      ######..     1%          2    None
j - Animate Skeleton      Necr           N/A          1%          1    None
k - Summon Small Mammal   Summ           ####         1%          1    None

Your spell library contained the following spells:

 Spells                   Type           Power        Failure   Level  Hunger
 Confusing Touch          Hex            ######       0%          1    None
 Corona                   Hex            #######      0%          1    None
 Apportation              Tloc           ####..       1%          1    None
 Infusion                 Chrm           ####         1%          1    None
 Pain                     Necr           ####         1%          1    None
 Ensorcelled Hibernation  Hex/Ice        ######       0%          2    None
 Dazzling Spray           Conj/Hex       ######       0%          3    None
 Tukima's Dance           Hex            #######.     0%          3    None
 Shroud of Golubria       Chrm/Tloc      ####..       1%          2    None
 Song of Slaying          Chrm           ####....     1%          2    None
 Recall                   Summ/Tloc      N/A          1%          3    None
 Regeneration             Chrm/Necr      ######....   1%          3    None
 Animate Dead             Necr           N/A          1%          4    ##.....
 Ice Form                 Ice/Tmut       ######..     1%          4    ##.....
 Olgreb's Toxic Radiance  Pois           #######.     1%          4    ##.....
 Petrify                  Tmut/Erth      ######..     1%          4    ##.....
 Agony                    Necr           ######..     1%          5    ####...
 Bolt of Draining         Conj/Necr      #######...   1%          5    ####...
 Lee's Rapid Deconstruct  Erth           #######...   1%          5    ####...
 Silence                  Hex/Air        #######...   1%          5    ####...
 Venom Bolt               Conj/Pois      #######...   1%          5    ####...
 Bolt of Cold             Conj/Ice       #######...   1%          6    ######.
 Darkness                 Hex            #######...   1%          6    ######.
 Death Channel            Necr           ######....   1%          6    ######.
 Freezing Cloud           Conj/Ice/Air   #######...   1%          6    ######.
 Ozocubu's Refrigeration  Ice            ######....   1%          6    ######.
 Simulacrum               Ice/Necr       ######....   1%          6    ######.
 Shadow Creatures         Summ           N/A          7%          6    ######.
 Spectral Weapon          Hex/Chrm       Unusable     N/A         3    N/A
 Excruciating Wounds      Chrm/Necr      Unusable     N/A         5    N/A

Dungeon Overview and Level Annotations

Branches:
Dungeon (15/15)            Temple (0/1) D:6            Lair (5/6) D:11
 Shoals (0/4) Lair:4        Snake (0/4) Lair:2        Slime (0/5) Lair:5
    Orc (2/2) D:9             Elf (0/3) Orc:2        Vaults (0/5) D:14
 Depths (0/5) D:15

Altars:
Ashenzari
Cheibriados
Elyvilon
Fedhas
Makhleb
Nemelex Xobeh
Qazlal
Ru
Sif Muna
Trog
Wu Jian
Xom
Yredelemnul
The Shining One

Shops:
D:11 (   D:13 *

Portals:
Trove: D:12 (give 14 potions of curing)

Annotations:
D:4 2 runed translucent doors, DukeAK1818's ghost, amateur DEAE
Lair:2 2 transporters, Qucvyi Areg's ghost, journeyman DrTm
Lair:4 2 transporters, Fifowuza's ghost, journeyman DrTm
Orc:1 1 runed translucent door, tkbsonic5's ghost, journeyman HOFi
Orc:2 Jorgrun


Innate Abilities, Weirdness & Mutations

You cannot wear armour.
You are incapable of wielding weapons or throwing items.
Your paws allow you to move quietly. (Stealth)
You have sharp claws.
You have razor-sharp teeth.
You have supernaturally acute eyesight. (SInv)
You are carnivorous and can eat meat at any time.
You cover ground quickly.
Your thick and shaggy fur keeps you warm. (AC +3, rC+)
You have a slow metabolism.
Your sharp claws are effective at attacking unaware monsters.


Message History

Okay, then.
Blink to where?
Press: ? - help, Dir - move target cursor
As you read the scroll of blinking, it crumbles to dust.
You don't have any unidentified items.
Okay, then.
You feel yourself speed up.
Evoke which item? (* to show all) (? for menu, Esc to quit)
Aiming: Dig
Press: ? - help, Shift-Dir - straight line The rock shatters into small pieces.
You hear a grinding noise.
You hear a grinding noise.
Okay, then.
As you read the scroll of teleportation, it crumbles to dust.
You feel strangely unstable. Jorgrun gestures at you while chanting.
The wall shatters!
The blast of rock fragments hits you!!!
Ouch! That really hurt!
You die...

**# * .# ** ##### *
..# ,**
#*####...###..#* ,,*
##.#.#.....@...# ,**
#.........#..### ,*
##.......#..## ,**
*#......#....# ,,*
#.......g.#..##
,****#.............*
,,**............o.#*
..$..........(....##
...#...............###


You could see Jorgrun and an orc priest.

Vanquished Creatures
  Snorg (D:11)
  A fire dragon (D:15)
  Harold (D:8)
  Fannar (Lair:1)
  An ice dragon (D:15)
  3 hydras
  3 vault guards (D:14)
  4 centaur warriors
  3 two-headed ogres
  A queen ant (Lair:2)
  8 death yaks
  2 tengu warriors (D:15)
  An orc high priest (Orc:2)
  4 unseen horrors
  A wolf spider zombie (D:14)
  The ghost of Iusername the Shield-Bearer, a novice MiFi (D:5)
  An orc knight (Orc:1)
  A deep elf mage (D:14)
  Pikel (D:4)
  3 oklob plants (Lair:5)
  4 ugly things
  5 cyclopes
  4 manticores
  Maurice (D:10)
  An elephant (D:10)
  2 centaur zombies
  2 gargoyles
  8 spiny frogs
  4 komodo dragons
  A tengu conjurer (D:15)
  A freezing wraith (D:15)
  2 guardian mummies (D:12)
  4 trolls
  A hornet (shapeshifter) (D:13)
  25 blink frogs
  10 slime creatures
  8 hippogriffs
  A wraith (D:13)
  A wyvern (D:11)
  A vampire (D:15)
  54 yaks
  5 basilisks
  A hungry ghost (D:11)
  9 humans
  3 hogs (D:7)
  3 nagas (Lair:2)
  2 wargs
  3 acid dragons
  14 soldier ants
  13 porcupines
  6 water moccasins
  A porcupine (shapeshifter) (D:15)
  3 black bears
  24 orc warriors
  4 phantoms
  An ice beast (D:6)
  2 sky beasts (D:11)
  An eye of draining (D:10)
  4 boggarts (D:14)
  7 ogres
  A necrophage (D:9)
  11 wolves
  12 centaurs
  10 crocodiles
  2 big kobolds
  10 bullfrogs
  A gnoll sergeant (D:4)
  A wyvern zombie (D:9)
  3 scorpions
  4 wights (D:14)
  6 killer bees (D:13)
  6 crimson imps
  3 howler monkeys
  A bullfrog zombie (D:6)
  3 quasits
  8 hounds
  3 jellies
  A centaur skeleton (D:6)
  4 bullfrog skeletons
  18 orc priests
  Ijyb (D:4)
  25 orc wizards
  27 worker ants
  2 hound zombies
  4 hound skeletons
  2 worker ant zombies
  8 gnolls
  12 adders
  2 shadow imps (D:7)
  8 worms
  A dart slug (D:1)
  7 leopard geckos
  96 orcs
  11 giant cockroaches
  11 goblins
  10 hobgoblins
  10 jackals
  3 quokkas
  4 ball pythons
  11 bats
  5 frilled lizards
  A giant cockroach zombie (D:5)
  A jackal skeleton (D:4)
  15 kobolds
  A leopard gecko skeleton (D:5)
  4 rats
  A spectral orc (D:5)
  A plant (Lair:5)
680 creatures vanquished.

Vanquished Creatures (collateral kills)
  2 blink frogs
  4 yaks
  4 soldier ants (Lair:2)
  A porcupine (Lair:5)
  4 wolves
  A crocodile (Lair:3)
  2 adders (D:10)
18 creatures vanquished.

Vanquished Creatures (others)
  A vault guard (D:14)
  Sigmund (D:4)
  A slave (D:4)
  A yak (Lair:2)
  2 soldier ants (Lair:2)
  A centaur (D:13)
  An orc wizard (D:4)
  2 worker ants
  3 orcs
  11 fungi
  8 plants
32 creatures vanquished.

Grand Total: 730 creatures vanquished

Notes
Turn   | Place    | Note
-------+----------+-------------------------------------------
     0 | D:1      | tkbsonic5 the Felid Venom Mage began the quest for the Orb.
     0 | D:1      | Reached XP level 1. HP: 7/7 MP: 4/4
    70 | D:1      | Reached skill level 1 in Conjurations
   160 | D:1      | Reached XP level 2. HP: 11/11 MP: 3/6
   172 | D:1      | Learned a level 2 spell: Poisonous Vapours
  1195 | D:2      | Found a shattered altar of Ashenzari.
  1215 | D:2      | Became a worshipper of Ashenzari the Shackled
  1947 | D:2      | Reached XP level 3. HP: 14/14 MP: 0/7
  2835 | D:2      | Learned a level 3 spell: Mephitic Cloud
  3091 | D:2      | Reached XP level 4. HP: 18/18 MP: 0/8
  3509 | D:2      | Found a glowing golden altar of the Shining One.
  4154 | D:3      | Learned a level 2 spell: Ensorcelled Hibernation
  4239 | D:3      | Reached skill level 1 in Air Magic
  4239 | D:3      | Reached XP level 5. HP: 4/21 MP: 3/10
  5379 | D:4      | Reached skill level 1 in Hexes
  5666 | D:4      | Reached * piety under Ashenzari
  5670 | D:4      | Noticed a phantom
  5908 | D:4      | Gained mutation: You are covered in thick fur. (AC +2)
                  | [Felid growth]
  5908 | D:4      | Reached XP level 6. HP: 24/24 MP: 1/11
  5931 | D:4      | Learned a level 3 spell: Confuse
  5987 | D:4      | Noticed Pikel
  5987 | D:4      | Noticed a slave
  5987 | D:4      | Noticed a slave
  5987 | D:4      | Noticed a slave
  5989 | D:4      | Noticed a slave
  6000 | D:4      | Killed Pikel
  6000 | D:4      | Reached skill level 3 in Hexes
  6000 | D:4      | Reached XP level 7. HP: 19/27 MP: 1/13
  6260 | D:4      | Found a runed translucent door.
  6296 | D:4      | Killed Sigmund
  6678 | D:4      | Found a runed translucent door.
  6680 | D:4      | Noticed DukeAK1818's ghost (amateur DEAE)
  6703 | D:4      | Learned a level 1 spell: Sandblast
  7240 | D:5      | Entered Level 5 of the Dungeon
  7369 | D:5      | Found a runed translucent door.
  7475 | D:5      | Reached skill level 4 in Hexes
  7560 | D:5      | Found a burning altar of Makhleb.
  7564 | D:5      | Found a sacrificial altar of Ru.
  7569 | D:5      | Found a snail-covered altar of Cheibriados.
  8423 | D:6      | Reached skill level 1 in Earth Magic
  8423 | D:6      | Reached XP level 8. HP: 31/31 MP: 6/14
  8762 | D:6      | Found a staircase to the Ecumenical Temple.
  9604 | D:6      | Identified a scroll of acquirement
  9737 | D:6      | Reached skill level 5 in Hexes
 10099 | D:6      | Found a bloodstained altar of Trog.
 10233 | D:6      | Reached ** piety under Ashenzari
 11457 | D:7      | Reached skill level 5 in Poison Magic
 12059 | D:7      | Reached XP level 9. HP: 34/34 MP: 1/16
 12554 | D:7      | Reached skill level 6 in Hexes
 13579 | D:8      | Learned a level 3 spell: Stone Arrow
 13624 | D:8      | Reached skill level 5 in Conjurations
 13706 | D:8      | Found a stormy altar of Qazlal.
 14084 | D:8      | Reached skill level 7 in Hexes
 15247 | D:8      | Noticed Harold
 15285 | D:8      | Killed Harold
 15285 | D:8      | Reached XP level 10. HP: 31/37 MP: 0/18
 15770 | D:9      | Reached skill level 8 in Hexes
 16219 | D:9      | Noticed a two-headed ogre
 16229 | D:9      | Killed a two-headed ogre
 16229 | D:9      | Reached skill level 5 in Spellcasting
 16229 | D:9      | Reached skill level 1 in Evocations
 16549 | D:9      | Found a blossoming altar of Fedhas.
 17347 | D:9      | Found a staircase to the Orcish Mines.
 17712 | D:9      | Reached skill level 9 in Hexes
 17712 | D:9      | Reached skill level 5 in Earth Magic
 18409 | D:9      | Found a sparkling altar of Nemelex Xobeh.
 18446 | D:9      | Found an ornate altar of the Wu Jian Council.
 18642 | D:9      | Noticed a two-headed ogre
 18655 | D:9      | Killed a two-headed ogre
 18798 | D:10     | Entered Level 10 of the Dungeon
 18825 | D:10     | Reached *** piety under Ashenzari
 19386 | D:10     | Noticed a centaur warrior
 19399 | D:10     | Noticed Maurice
 19432 | D:10     | Killed Maurice
 19701 | D:10     | Noticed a manticore
 19715 | D:10     | Killed a manticore
 19715 | D:10     | Reached XP level 11. HP: 35/40 MP: 10/20
 19896 | D:10     | Killed a centaur warrior
 20197 | D:10     | Noticed an unseen horror
 20201 | D:10     | Killed an unseen horror
 20201 | D:10     | Reached skill level 10 in Hexes
 20602 | D:11     | Found a staircase to the Lair.
 20642 | D:10     | Reached skill level 5 in Dodging
 20901 | D:11     | Noticed Snorg
 20931 | D:11     | Killed Snorg
 21337 | D:11     | Learned a level 5 spell: Borgnjor's Vile Clutch
 21544 | D:11     | Found Coucesi's Antique Weapon Shoppe.
 21957 | D:11     | Reached skill level 1 in Necromancy
 23210 | Lair:1   | Entered Level 1 of the Lair of Beasts
 23663 | Lair:1   | Learned a level 2 spell: Passwall
 23680 | Lair:1   | Reached skill level 11 in Hexes
 24376 | Lair:1   | Noticed Fannar
 25377 | Lair:2   | Noticed a five-headed hydra
 25389 | Lair:2   | Killed a five-headed hydra
 25389 | Lair:2   | Gained mutation: Your thick and shaggy fur keeps you warm.
                  | (AC +3, rC+) [Felid growth]
 25389 | Lair:2   | Reached XP level 12. HP: 44/44 MP: 8/22
 25979 | Lair:2   | Found a staircase to the Snake Pit.
 26471 | Lair:1   | Killed Fannar
 26623 | Lair:2   | Found a transporter.
 26666 | Lair:2   | Reached skill level 1 in Fighting
 27424 | Lair:1   | Learned a level 1 spell: Animate Skeleton
 28389 | Lair:2   | Noticed a queen ant
 28558 | Lair:2   | Killed a queen ant
 28898 | Lair:2   | Found a transporter.
 28901 | Lair:2   | Identified the +0 trident of Aroekaac {antimagic, -Tele
                  | +Rage rPois SInv}
 28902 | Lair:2   | Noticed Qucvyi Areg's ghost (journeyman DrTm)
 29360 | Lair:2   | Found a bloodstained altar of Trog.
 29360 | Lair:2   | Identified the +3 trident "Duxasauwk" {freeze, rF+}
 29634 | Lair:3   | Noticed a death yak
 29634 | Lair:3   | Noticed a death yak
 29634 | Lair:3   | Noticed a death yak
 29634 | Lair:3   | Noticed a death yak
 29634 | Lair:3   | Noticed a death yak
 29675 | Lair:2   | Killed a death yak
 29708 | Lair:2   | Killed a death yak
 29708 | Lair:2   | Reached skill level 5 in Air Magic
 29875 | Lair:2   | Learned a level 1 spell: Summon Small Mammal
 29916 | Lair:2   | Killed a death yak
 29916 | Lair:2   | Reached skill level 12 in Hexes
 30423 | D:4      | Noticed Ijyb
 30437 | D:4      | Killed Ijyb
 30643 | D:4      | Reached **** piety under Ashenzari
 30713 | D:4      | Found a shimmering altar of Xom.
 31230 | D:5      | Found a white marble altar of Elyvilon.
 31433 | D:5      | Found a basalt altar of Yredelemnul.
 31483 | D:5      | Noticed Iusername's ghost (novice MiFi)
 31503 | D:5      | Killed Iusername's ghost
 31503 | D:5      | Reached skill level 1 in Summonings
 33202 | Lair:3   | Killed a death yak
 33204 | Lair:3   | Reached XP level 13. HP: 48/48 MP: 1/24
 34154 | Lair:4   | Found a staircase to the Shoals.
 35092 | Lair:4   | Reached skill level 1 in Transmutations
 35605 | Lair:4   | Found a transporter.
 35644 | Lair:4   | Noticed Fifowuza's ghost (journeyman DrTm)
 35653 | Lair:4   | Found a transporter.
 36302 | Lair:5   | Reached skill level 5 in Necromancy
 37436 | Lair:5   | Found a staircase to the Slime Pits.
 37907 | Lair:5   | Reached skill level 13 in Hexes
 38866 | D:12     | Learned a level 5 spell: Metabolic Englaciation
 39294 | D:12     | Found a portal to a secret trove of treasure.
 39303 | D:12     | Reached XP level 14. HP: 51/51 MP: 23/26
 39718 | D:13     | Reached ***** piety under Ashenzari
 40950 | D:13     | Found Unaneav's Blood Bar.
 40958 | D:13     | Bought Lazxoyla's Reference Book on Evil for 800 gold
                  | pieces
 41797 | D:14     | Reached skill level 5 in Ice Magic
 42394 | D:14     | Reached skill level 5 in Evocations
 44022 | D:14     | Found a gate to the Vaults.
 44785 | D:15     | Entered Level 15 of the Dungeon
 45703 | D:15     | Reached skill level 5 in Transmutations
 45857 | D:15     | Found a staircase to the Depths.
 46415 | D:15     | Found a shimmering blue altar of Sif Muna.
 46676 | Orc:1    | Entered Level 1 of the Orcish Mines
 46676 | Orc:1    | Found a runed translucent door.
 46676 | Orc:1    | Noticed tkbsonic5's ghost (journeyman HOFi)
 47103 | Orc:2    | Entered Level 2 of the Orcish Mines
 47110 | Orc:2    | Noticed Jorgrun
 47279 | Orc:2    | Reached skill level 14 in Hexes
 48302 | Orc:2    | Killed from afar by Jorgrun
 48303 | Orc:2    | Reached XP level 13. HP: 0/51 MP: 10/35
 48303 | Orc:2    | Reached ****** piety under Ashenzari
 48325 | Orc:2    | HP: 1/51 [Jorgrun/iron shot (50)]
 48326 | Orc:2    | Killed from afar by Jorgrun
 48327 | Orc:2    | Reached XP level 12. HP: -1/48 MP: 12/34
 48395 | Orc:2    | Found a staircase to the Elven Halls.
 48404 | Orc:2    | Reached XP level 13. HP: 8/51 MP: 2/26
 48420 | Orc:2    | Killed from afar by Jorgrun

Levels and vault maps discovered:
D:1:      evilmike_arrival_crescent, layout_rooms, serial_park_tiny_1
D:2:      layout_basic, tso_altar, evilmike_ruin_ashenzari
D:3:      layout_loops_corners, cheibrodos_sewer_entry_bend
D:4:      layout_basic, marbit_many_paths, first_ration, ebering_ghost_sewer_f,
          uniq_sigmund, uniq_ijyb, uniq_pikel
D:5:      layout_basic, elyvilon_altar_5, minmay_overflow_temple_star_quad,
          yredelemnul_forgotten_temple_becter, ebering_ghost_sewer_d
D:6:      layout_loops_ring, lightli_temple_of_fire,
          minmay_temple_entry_slanted, minmay_misc_feat_enclosed
D:7:      layout_gridville, enter_bailey_3, grunt_livestock
D:8:      layout_basic, grunt_qazlal_sundering, hangedman_abyss_or_decor_passed,
          minmay_holes, uniq_harold
D:9:      layout_long_grid, nicolae_overflow_crystal_walls,
          fedhas_bush_and_centaur_altar, kennysheep_little_box,
          david_orc_1_choice
D:10:     layout_rooms, kb_rosetta, uniq_maurice
D:11:     layout_roguey, david_lair_generic, serial_shops, shop, moated_statue,
          kennysheep_generic_room_12, uniq_snorg
D:12:     layout_basic, nicolae_trove_entry_path_of_doom
D:13:     layout_stronghold, guppyfry_shop_blood
D:14:     layout_long_grid, ximxim_vaults_locker_room
D:15:     grunt_enter_depths_hoard, layout_cave_pools, lemuel_blue_sif_altar
Lair:1:   layout_loops_ring, beast_lair_carwin_5, uniq_fannar
Lair:2:   layout_gridlike, minmay_snake_entry_guardpost_small,
          gammafunk_ghost_wrathful_warriors, minivault_29, grunt_megastairs_4,
          serial_bayou_shore_b
Lair:3:   layout_big_grid
Lair:4:   layout_loops_ring, shoals_dummy_entry,
          gammafunk_ghost_berserking_beasts
Lair:5:   layout_regular_city, minmay_slime_entry_oklob_open
Orc:1:    layout_caves, ebering_ghost_inner_flame
Orc:2:    st_orc_pillars, layout_diamond_mine, uniq_jorgrun

Skill      XL: |  1  2  3  4  5  6  7  8  9 10 11 12 13 14 |
---------------+-------------------------------------------+-----
Conjurations   | 1 2 3 4 5 6 7 8 9 |  9.8
Dodging        | 3 4 6 7 |  7.2
Poison Magic   | 3 4 5 6 7 8 9 |  9.5
Stealth        | 3 4 |  4.9
Air Magic      | 1 2 3 4 5 6 7 |  7.1
Spellcasting   | 3 4 5 6 7 8 |  8.0
Hexes          | 1 3 4 5 7 9 11 12 13 14 | 14.0
Ice Magic      | 2 3 4 5 |  5.9
Earth Magic    | 1 2 4 5 6 7 8 9 |  9.1
Evocations     | 3 4 5 |  5.1
Necromancy     | 2 4 5 7 |  7.0
Fighting       | 1 2 3 |  3.2
Summonings     | 1 2 |  2.7
Transmutations | 3 5 |  5.4
Unarmed Combat | |  0.4

Action                   |  1- 3 |  4- 6 |  7- 9 | 10-12 | 13-15 || total
-------------------------+-------+-------+-------+-------+-------++-------
Melee: Unarmed           |    44 |    52 |   113 |    58 |    10 ||   277
       Bite              |     4 |     6 |    16 |     8 |     2 ||    36
 Cast: Sting             |    32 |    15 |     1 |     1 |     9 ||    58
       Poisonous Vapours |    48 |    49 |   160 |   229 |   132 ||   618
       Mephitic Cloud    |       |     8 |    28 |    37 |    36 ||   109
       Ensorcelled Hiber |       |     1 |     7 |     3 |     2 ||    13
       Sandblast         |       |       |    72 |    28 |    47 ||   147
       Confuse           |       |       |    28 |   130 |   132 ||   290
       Stone Arrow       |       |       |    31 |   338 |   341 ||   710
       Borgnjor's Vile C |       |       |       |    31 |    93 ||   124
       Animate Skeleton  |       |       |       |    10 |    21 ||    31
       Summon Small Mamm |       |       |       |     5 |    20 ||    25
       Passwall          |       |       |       |     4 |       ||     4
       Metabolic Englaci |       |       |       |       |    14 ||    14
Invok: Curse Item        |       |     1 |     2 |       |     2 ||     5
Evoke: Wand              |       |       |       |    81 |    92 ||   173
  Use: Scroll            |     2 |     5 |     8 |    16 |    13 ||    44
       Potion            |     4 |     1 |       |    11 |    10 ||    26
 Stab: Sleeping          |     1 |     2 |     5 |       |       ||     8
       Confused          |       |     3 |     7 |     2 |     2 ||    14
  Eat: Chunk             |     6 |     5 |    27 |    42 |    34 ||   114
       Ration            |     1 |     2 |     1 |     9 |     8 ||    21
Armor: Skin              |     3 |     1 |     6 |    18 |     1 ||    29
Dodge: Dodged            |    45 |    46 |   128 |   117 |    85 ||   421
Block: Other             |       |       |       |       |    11 ||    11
       Reflection        |       |       |       |       |     5 ||     5
